 Dungeon Crawl Stone Soup version 0.30-a0-381-g6ea064c7b4 (webtiles) character file.

Game seed: 3086389376418212905

183 lunkers the Digger (level 6, -1/45 HPs)
             Began as a Meteoran Earth Elementalist on Dec 1, 2022.
             Slain by a river rat (7 damage)
             ... in a sewer.
             The game lasted 00:06:11 (1113 turns).

lunkers the Digger (Meteoran Earth Elementalist)    Turns: 1113, Time: 00:06:12

Health: -1/45      AC:  7    Str: 10    XL:     6   Next: 17%
Magic:  3/13       EV: 12    Int: 19    God:
Gold:   123        SH:  0    Dex: 14    Spells: 3/13 levels left

rFire   . . .      SeeInvis .    p - +2 dagger (venom)
rCold   . . .      Faith    .    (no shield)
rNeg    . . .      Spirit   .    a - +0 robe
rPois   .          Reflect  .    (no helmet)
rElec   .          Harm     .    (no cloak)
rCorr   .          Rampage  .    c - +0 pair of gloves {infuse}
Will    .....                    (no boots)
Stlth   +.........               (no amulet)
HPRegen 0.27/turn                e - +4 ring of protection
MPRegen 0.13/turn                (no ring)

@: glowing
A: sense surroundings 1, otherworldly, glowing, explore regen
a: no special abilities


You were in a sewer.
You visited 1 branch of the dungeon, and saw 3 of its levels.
You also visited: Sewer.

You collected 123 gold pieces.

Inventory:

Hand Weapons
 p - a +2 dagger of venom (weapon)
Armour
 a - a +0 robe (worn)
 c - a +0 pair of gloves of infusion (worn)
Jewellery
 e - a +4 ring of protection (left hand)
Scrolls
 d - a scroll of enchant armour {unknown}
 g - a scroll of acquirement {unknown}
 l - 2 scrolls of magic mapping {unknown}
 n - a scroll of poison {unknown}
Potions
 b - a potion of magic
 f - 3 potions of might {unknown}
 h - 2 potions of attraction {unknown}
 i - a potion of curing {unknown}
 j - a potion of lignification {unknown}
 k - 2 potions of flight {unknown}
 m - 2 potions of mutation
 o - 2 potions of degeneration
 q - a potion of haste


   Skills:
 - Level 2.4 Dodging
 - Level 1.4 Stealth
 + Level 4.4 Spellcasting
 - Level 1.2 Transmutations
 * Level 6.4 Earth Magic


You had 3 spell levels left.
You knew the following spells:

 Your Spells              Type           Power      Damage    Failure   Level
a - Sandblast             Erth           56%        2d13      1%          1
b - Passwall              Tmut/Erth      15%        N/A       4%          2
c - Stone Arrow           Conj/Erth      32%        3d9       11%         3
d - Petrify               Tmut/Erth      18%        N/A       26%         4

Your spell library contained the following spells:

 Spells                   Type           Power      Damage    Failure   Level
 Slow                     Hex            16%        N/A       13%         1
 Confusing Touch          Hex            4%         N/A       36%         3
 Vampiric Draining        Necr           4%         2d6       36%         3


Dungeon Overview and Level Annotations

Branches:
Dungeon (3/15) Zot: 806     Sewer (1/1) Zot: 415

Altars:
Kikubaaqudgha

Shops:
D:3 [


Innate Abilities, Weirdness & Mutations

You passively map a small area around you.
You are easily found by Zot.
You glow in the dark.
You regain HP and MP as you explore.


Message History

The blast of sand hits the river rat but does no damage.
The river rat is moderately wounded.
The river rat bites you.
* * * LOW HITPOINT WARNING * * *
The river rat barely misses you. x2
Your magical contamination has completely faded away.
Unknown command.
Unknown command.
The river rat attacks as you move away! The river rat misses you.
The river rat closely misses you. The river rat attacks as you move away!
The river rat closely misses you.
There is a large open door here.
Aiming: Sandblast (safe; 1% risk of failure)
Press: ? - help, Q - select action, (/) - cycle Shift-Dir - straight line, f/p - river rat
Aim: a river rat (moderately wounded, 81% to hit)
The blast of sand hits the river rat!
You kill the river rat!
Aiming: Sandblast (safe; 1% risk of failure)
Press: ? - help, Q - select action, (/) - cycle Shift-Dir - straight line, f - river rat
Aim: a river rat (81% to hit)
The blast of sand hits the river rat!
The river rat is almost dead.
The river rat bites you.
* * * LOW HITPOINT WARNING * * *
The river rat bites you.
* * * LOW HITPOINT WARNING * * *
Aiming: Sandblast (safe; 1% risk of failure)
Press: ? - help, Q - select action, (/) - cycle Shift-Dir - straight line, f/p - river rat
Aim: a river rat (almost dead, 81% to hit)
The blast of sand hits the river rat.
You kill the river rat!
The river rat closely misses you. The river rat barely misses you.
Unknown command.
Aiming: Sandblast (safe; 1% risk of failure)
Press: ? - help, Q - select action, (/) - cycle Shift-Dir - straight line, f - river rat
Aim: a river rat (81% to hit)
The blast of sand hits the river rat but does no damage.
* * * LOW MAGIC WARNING * * *
The river rat bites you!
You die...

#################################
≈≈≈≈≈≈~~~~~~.~.~~~~~~.~†~..~.~~~~
≈≈≈≈≈≈~≈≈≈≈≈≈≈≈≈≈≈≈≈≈≈≈≈≈≈≈≈≈≈≈≈≈
≈≈≈≈≈≈~≈†~~..~~~~~~~~~.~.~~~.~.~~
######~≈~#######################~
#~≈~# ###### #### #~ #.≈~# #...@#
...# #~ #~≈~#####'r#####''#####
#. #~~~~.~.....r........∩# #~
#.~~~~~.....r........∩#
#†≈~#####''#####++##### #.≈~#
#....# *, , #~≈~# ###### * * ,
**#~≈~# * * * * , #~≈~~ , ~ ~


You could see a river rat.

Vanquished Creatures
  Jessica (D:3)
  4 gnolls (D:3)
  4 adders (D:3)
  3 river rats (Sewer)
  3 worms
  6 bats
  3 endoplasms
  3 giant cockroaches
  6 goblins
  3 hobgoblins (D:3)
  A jackal (Sewer)
  2 kobolds (D:2)
  2 quokkas
  5 ball pythons
  4 frilled lizards
  4 rats
54 creatures vanquished.

Vanquished Creatures (others)
  3 withered plants (D:3)
3 creatures vanquished.

Grand Total: 57 creatures vanquished

Notes
Turn   | Place    | Note
-------+----------+-------------------------------------------
     0 | D:1      | lunkers the Meteoran Earth Elementalist began the quest for
                  | the Orb.
     0 | D:1      | Reached XP level 1. HP: 14/14 MP: 5/5
   172 | D:1      | Reached XP level 2. HP: 20/20 MP: 4/6
   270 | D:2      | Reached skill level 4 in Earth Magic
   462 | D:3      | Reached XP level 3. HP: 26/26 MP: 6/8
   481 | D:3      | Reached XP level 4. HP: 27/33 MP: 1/10
   482 | D:3      | Reached skill level 5 in Earth Magic
   668 | D:3      | Found an ancient bone altar of Kikubaaqudgha.
   766 | D:3      | Learned a level 2 spell: Passwall
   770 | D:3      | Learned a level 3 spell: Stone Arrow
   775 | D:3      | Learned a level 4 spell: Petrify
   812 | D:3      | Found Xojutt's Armour Shop.
   924 | D:3      | Reached XP level 5. HP: 38/38 MP: 9/11
   933 | D:3      | Found a glowing drain.
   936 | D:3      | Noticed Jessica
   944 | D:3      | Killed Jessica
   957 | D:3      | Reached skill level 6 in Earth Magic
   965 | Sewer    | Entered a sewer
  1099 | Sewer    | Reached XP level 6. HP: 28/45 MP: 9/13
  1113 | Sewer    | Slain by a river rat

Illustrated notes

Levels and vault maps discovered:
D:1:      dpeg_arrival_subterranean_lakeside_camping, layout_basic,
          ebering_ecumenical_altar_box, minmay_indecisive_spiral
D:2:      layout_basic, uniq_crazy_yiuf_cottage
D:3:      layout_loops_corners, kiku_gazebo_garden_becter,
          gup_sewer_entry_glass, serial_shops, nicolae_shop_stone,
          minmay_misc_feat_cross, serial_bayou_pond_a, uniq_jessica
Sewer:    sewer_fruit_machine

Skill      XL: |  1  2  3  4  5 |
---------------+----------------+-----
Earth Magic    | 4 5 6 |  6.4
Spellcasting   | 3 4 |  4.4
Dodging        | |  2.4
Stealth        | |  1.4
Transmutations | |  1.2

Action                   |  1- 3 |  4- 6 || total
-------------------------+-------+-------++-------
Melee: Dagger            |       |    15 ||    15
 Cast: Sandblast         |    27 |    48 ||    75
Armor: Robe              |     6 |    38 ||    44
Dodge: Dodged            |    14 |    34 ||    48

Table legend: (Time is in decaauts)
 A = Elapsed time spent in this place.
 B = Non-inter-level travel time spent in this place.
 C = Inter-level travel time spent in this place.
 D = Time resting spent in this place.
 E = Time spent auto-exploring this place.
 F = Levels seen in this place.
 G = Mean time per level.
                   A        B        C        D        E       F      G
               +--------+--------+--------+--------+--------+-----+--------+
         Total |   1176 |   1134 |     42 |      0 |    605 |   4 |  294.0 |
       Dungeon |    993 |    951 |     42 |      0 |    605 |   3 |  331.0 |
         Sewer |    183 |    183 |      0 |      0 |      0 |   1 |  183.0 |
               +--------+--------+--------+--------+--------+-----+--------+

Top non-repeatable levels by time:
     D:3: 523 daAuts
     D:1: 271 daAuts
     D:2: 198 daAuts
   Sewer: 183 daAuts
